Unix NetHack Version 5.0.0-0 post-release - last build Jun 10 2026 00:39:30 (3ee93aec679c4c4259841fe613dc97188e26a321,branch:main).

Game began 2026-06-15 14:42:39, ended 2026-06-15 15:08:38.

Drastanta, neutral male human Barbarian

                                                                      ----
                                                                    ---..---
                                                                    |......---
                                                                 ----........|
                                                                 |....--.|...|
                                                                 |.--------.--
                                                                --.|      ---
                                                                |..|
                                                              ---..--
                                                       ...-----.....------
                                                      ...)>.|........||..---
                                                      .........(.....--.%..-
                                                 .......%)...........))......-
                                                 h@.---....-.---.--...........|
                                                 --.--......%| -----.....)...-
                                                  |....-----%----  |........-|
                                                  |...--  -..%%.----.........|
                                                  --.--    ......)|.........--
                                                   ---      ----).........---
                                                               --.------.--
                                                                ---    ---
Drastanta the Bandit       St:18/02 Dx:15 Co:18 In:8 Wi:8 Ch:6  Neutral
Dlvl:8  $:19 HP:0(79) Pw:18(18) AC:10 Xp:6 T:2924 

Latest messages:
 Your candles are consumed!
 Their flames die.
 You hear rumbling in the distance.
 You see here a leash.
 You are almost hit by a dwarvish spear.
 The dwarf thrusts her dwarvish short sword.
 The dwarf misses!
 The dwarf thrusts her dwarvish short sword.
 The dwarf hits!
 You smite the dwarf!
 The dwarf thrusts her dwarvish short sword.
 The dwarf hits!
 The dwarf thrusts her dwarvish short sword.
 The dwarf hits!
 You kill the dwarf!
 There are several objects here.
 h - a dwarvish iron helm.
 You hear rumbling in the distance.
 You descend the stairs.
 You climb up the stairs.
 You kill the gas spore!
 Boom!
 You are caught in the gas spore's explosion!
 The dwarf lord thrusts his dwarvish short sword.
 The dwarf lord misses!
 The dwarf lord thrusts his dwarvish short sword.
 The dwarf lord just misses!
 You smite the dwarf lord!
 The dwarf lord thrusts his dwarvish short sword.
 The dwarf lord hits!
 The dwarf lord thrusts his dwarvish short sword.
 The dwarf lord misses!
 The dwarf lord thrusts his dwarvish short sword.
 The dwarf lord hits!
 The dwarf lord thrusts his dwarvish short sword.
 The dwarf lord hits again!
 You return to human form!
 You miss the dwarf lord.
 The dwarf lord thrusts his dwarvish short sword.
 The dwarf lord hits!
 The dwarf lord thrusts his dwarvish short sword.
 The dwarf lord hits again!
 You smite the dwarf lord!
 The dwarf lord thrusts his dwarvish short sword.
 The dwarf lord hits!
 The dwarf lord thrusts his dwarvish short sword.
 The dwarf lord hits again!
 You die...
 Do you want your possessions identified? [ynq] (y) y
 Do you want to see your attributes? [ynq] (y) q

Inventory:
 Coins    ('$')
  $ - 19 gold pieces
 Amulets  ('"')
  g - an uncursed amulet of unchanging
 Weapons  (')')
  a - a +0 battle-axe (weapon in hands)
  b - a +0 short sword (alternate weapon; not wielded)
 Armor    ('[')
  K - an uncursed +0 dwarvish iron helm
  c - a cursed -1 dwarvish iron helm
  h - a cursed -1 dwarvish iron helm
  G - an uncursed +2 pair of iron shoes
  w - an uncursed +0 pair of iron shoes
  x - an uncursed +0 pair of iron shoes
  L - an uncursed +0 pair of iron shoes
  d - a cursed +0 dwarvish mithril-coat
 Comestibles  ('%')
  k - 2 uncursed food rations
  j - an uncursed pancake
  z - an uncursed tripe ration
 Scrolls  ('?')
  C - an uncursed scroll of enchant armor
  f - an uncursed scroll of identify
  e - an uncursed scroll of light
 Potions  ('!')
  J - a blessed potion of acid
  i - an uncursed potion of fruit juice
  A - an uncursed potion of invisibility
  l - an uncursed potion of object detection
 Rings    ('=')
  v - a cursed ring of hunger
  n - a blessed +2 ring of increase damage
  o - an uncursed ring of invisibility
  t - a cursed ring of shock resistance
  p - an uncursed ring of slow digestion
  m - an uncursed ring of warning
 Wands    ('/')
  s - a wand of magic missile (0:1)
  M - a cursed wand of speed monster (0:3)
 Tools    ('(')
  y - a +0 pick-axe
  B - an uncursed tin whistle

Drastanta the Barbarian's attributes:

Background:
 You were a Bandit, a level 6 male human Barbarian.
 You were neutral, on a mission for Crom
 who was opposed by Mitra (lawful) and Set (chaotic).
 You were right-handed.
 You were in the Gnomish Mines, on level 8.
 You entered the dungeon 2924 turns ago.
 There was a new moon in effect when your adventure ended.
 You had 621 experience points, 19 more were needed to attain level 7.

Basics:
 You had 0 out of 79 hit points.
 You had all 18 energy points (spell power).
 Your armor class was 10.
 Your wallet contained 19 zorkmids.
 Autopickup was on for '$' plus thrown.

Final Characteristics:
 Your strength was 18/02 (limit:18/100).
 Your dexterity was 15 (limit:18).
 Your constitution was 18 (limit:18).
 Your intelligence was 8 (limit:18).
 Your wisdom was 8 (limit:18).
 Your charisma was 6 (limit:18).

Final Status:
 You weren't hungry.
 You were unencumbered.
 You were wielding an axe.
 You had basic skill with axe and could have enhanced that.
 You weren't wearing any armor.

Final Attributes:
 You were piously aligned.
 You were poison resistant.
 You are dead.

Miscellaneous:
 You encountered 1 bones level.
 Total elapsed playing time was 20 minutes and 48 seconds.

Major events:
 Turn
    1: Drastanta the neutral male human Barbarian entered the dungeon
  988: entered the Gnomish Mines
 1097: attained the rank of Pillager (level 3)
 2209: attained the rank of Bandit (level 6)
 2924: killed by a dwarf lord

You didn't know any spells.

Skills:
 Fighting Skills
   bare handed combat [Basic]
   two weapon combat  [Unskilled]
   riding             [Unskilled]
 Weapon Skills
   dagger             [Unskilled]
   axe                [Basic]
   pick-axe           [Unskilled]
   short sword        [Basic]
   broadsword         [Unskilled]
   long sword         [Unskilled]
   two-handed sword   [Unskilled]
   saber              [Unskilled]
   club               [Unskilled]
   mace               [Unskilled]
   morning star       [Unskilled]
   flail              [Unskilled]
   hammer             [Unskilled]
   quarterstaff       [Unskilled]
   spear              [Unskilled]
   trident            [Unskilled]
   bow                [Unskilled]
 Spellcasting Skills
   attack spells      [Unskilled]
   escape spells      [Unskilled]

Voluntary challenges:
 Character rerolling was not enabled.
 You were illiterate.
 You never genocided any monsters.
 You never polymorphed an object.
 You used no wishes.
Achievements:
 You entered the Gnomish Mines.
 You entered a shop.
 You attained the rank of Pillager.
 You attained the rank of Bandit.

 The Dungeons of Doom: levels 1 to 3
    Level 1:
       Some fountains.
    Level 2:
       A fountain.
    Level 3:
       A ring shop, a fountain.
       Stairs down to The Gnomish Mines.
 The Gnomish Mines: levels 4 to 9
    Level 4:
    Level 5:
    Level 6:
    Level 8: <- You were here.
       Final resting place for
          you, killed by a dwarf lord.
    Level 9:
       Final resting place for
          Denia-Val-Dwa-Fem-Law, killed by a gargoyle.


Vanquished creatures:
  a small mimic
  a yeti
  a dingo
  a dog
  a raven
  3 imps
  5 gnome leaders
  a gnomish wizard
  a little dog
  7 dwarves
  a homunculus
  a centipede
  a dwarf zombie
  a werejackal
  a gas spore
  3 hobbits
  a giant rat
  a green mold
 23 gnomes
  a gecko
  3 jackals
  a kobold
  a goblin
  a sewer rat
  5 grid bugs
  2 bats
  2 lichens
  2 kobold zombies
  4 newts
77 creatures vanquished.

No species were genocided or became extinct.

Game over:
                       ----------
                      /          \
                     /    REST    \
                    /      IN      \
                   /     PEACE      \
                  /                  \
                  |    Drastanta     |
                  |      19 Au       |
                  |   killed by a    |
                  |    dwarf lord    |
                  |                  |
                  |                  |
                  |       2026       |
                 *|     *  *  *      | *
        _________)/\\_//(\/(/\)/\//\/|_)_______

Goodbye Drastanta the Barbarian...

You died in The Gnomish Mines on dungeon level 8 with 2902 points,
and 19 pieces of gold, after 2924 moves.
You were level 6 with a maximum of 79 hit points when you died.

